 Dungeon Crawl Stone Soup version 0.26.0-16-gc1dbca0489 (webtiles) character file.

Game seed: 4747253056045207816

64 Qrupt the Grave Robber (level 4, 0/32 HPs)
             Began as a Human Necromancer on Jan 19, 2021.
             Slain by Robin
             ... wielding a +4 club
              (6 damage)
             ... on level 1 of the Dungeon.
             The game lasted 00:05:31 (2473 turns).

Qrupt the Grave Robber (Human Necromancer)          Turns: 2473, Time: 00:05:32

Health: 0/32       AC:  3    Str:  8    XL:     4   Next: 32%
Magic:  0/7        EV: 13    Int: 16    God:
Gold:   31         SH:  0    Dex: 14    Spells: 6/8 levels left

rFire    . . .     SeeInvis .   d - +0 whip
rCold    . . .     Faith    .   (no shield)
rNeg     . . .     Spirit   .   a - +0 robe
rPois    .         Reflect  .   (no helmet)
rElec    .         Harm     .   k - scarf {+Inv}
rCorr    .         Rampage  .   (no gloves)
Will     .....                  o - +0 pair of boots
Stlth    ++........             (no amulet)
HPRegen  0.10/turn              (no ring)
MPRegen  0.10/turn              (no ring)

@: no status effects
A: no striking features
a: Evoke Invisibility


You were on level 1 of the Dungeon.
You visited 1 branch of the dungeon, and saw 2 of its levels.

You collected 31 gold pieces.

Inventory:

Hand Weapons
 d - a +0 whip (weapon)
Armour
 a - a +0 robe (worn)
 k - a scarf of invisibility (worn)
 o - a +0 pair of boots (worn)
Scrolls
 f - a scroll of teleportation {unknown}
 h - a scroll of remove curse {unknown}
 i - a scroll of magic mapping {unknown}
 l - a scroll of identify {unknown}
Potions
 b - 3 potions of mutation {unknown}
 c - a potion of curing {unknown}
 e - a potion of haste {unknown}
 g - 2 potions of berserk rage {unknown}
 j - a potion of ambrosia {unknown}
 m - a potion of heal wounds {unknown}
 n - a potion of flight {unknown}


   Skills:
 + Level 1.5 Fighting
 + Level 2.7 Dodging
 - Level 2.0 Stealth
 + Level 2.5 Spellcasting
 + Level 4.4 Necromancy


You had 6 spell levels left.
You knew the following spells:

 Your Spells              Type           Power        Failure   Level
a - Pain                  Necr           64%          3%          1
b - Animate Skeleton      Necr           32%          3%          1

Your spell library contained the following spells:

 Spells                   Type           Power        Failure   Level
 Vampiric Draining        Necr           8%           10%         3
 Animate Dead             Necr           8%           32%         4
 Agony                    Necr           16%          65%         5


Dungeon Overview and Level Annotations

Branches:
Dungeon (2/15)

Altars:
Dithmenos

Annotations:
D:1 Robin


Message History

Anything else - Cancel.
Gang up on whom?
Press: ? - help, Dir - move target, f/p - Robin
Aim: Robin, wielding a +4 club, wearing a +0 animal skin and wearing a +0 helmet (heavily wounded) Attack!
Casting: Pain (safe; 3% risk of failure)
Confirm with . or Enter, or press ? or * to list all spells.
Aiming: Pain (safe; 3% risk of failure)
Press: ? - help, Shift-Dir - straight line, f/p - Robin
Aim: Robin, wielding a +4 club, wearing a +0 animal skin and wearing a +0 helmet (heavily wounded, chance to affect: 81%) Robin writhes in agony.
You hit Robin.
Robin is severely wounded.
Robin hits you with a +4 club.
* * * LOW HITPOINT WARNING * * *
Your hobgoblin skeleton closely misses Robin.
You hit Robin.
Robin is severely wounded.
Robin hits you with a +4 club.
You die...

#...........# #.#########.# #.#
#.# #.# #†# #.# ######.# #.#
#......######### #.#
#.####.........# #.# #.#
#.#######.# #.# #.# #@# #.# #.#
#.# #g# #.# #.####.####Z# #.#
#...........#######.##
######.###...........#
###########.###.#######...##
#..................###.....###
#
#..############.##.#.........##
# #..# ##...#)##............###


You could see Robin and a friendly hobgoblin skeleton.

Vanquished Creatures
  2 adders (D:2)
  2 dart slugs (D:1)
  A leopard gecko (D:2)
  3 bats
  11 hobgoblins
  5 kobolds
  5 frilled lizards
  7 goblins
  3 rats
39 creatures vanquished.

Vanquished Creatures (others)
  A goblin (D:2)
1 creature vanquished.

Grand Total: 40 creatures vanquished

Notes
Turn   | Place    | Note
-------+----------+-------------------------------------------
     0 | D:1      | Qrupt the Human Necromancer began the quest for the Orb.
     0 | D:1      | Reached XP level 1. HP: 13/13 MP: 3/3
   393 | D:1      | Reached XP level 2. HP: 13/20 MP: 3/5
   986 | D:1      | Reached skill level 1 in Fighting
  1166 | D:1      | You fall into a shaft and drop 1 floor!
  1168 | D:2      | Found a shadowy altar of Dithmenos.
  1180 | D:2      | Reached XP level 3. HP: 21/26 MP: 0/6
  1703 | D:2      | Learned a level 1 spell: Animate Skeleton
  1736 | D:2      | Reached XP level 4. HP: 25/32 MP: 1/7
  1841 | D:2      | Noticed Robin
  2473 | D:1      | Slain by Robin

Illustrated notes

Levels and vault maps discovered:
D:1:      scummos_arrival_gate, layout_loops_ring, minmay_cupped
D:2:      layout_rooms, nicolae_dithmenos_shadow_blocks,
          chequers_serial_rivers_large_a, uniq_robin

Skill      XL: |  1  2 |
---------------+-------+-----
Fighting       | 1 |  1.5
Dodging        | |  2.7
Stealth        | |  2.0
Spellcasting   | |  2.5
Necromancy     | |  4.4

Action                   |  1- 3 |  4- 6 || total
-------------------------+-------+-------++-------
Melee: Whip              |    13 |     6 ||    19
       Unarmed           |     2 |       ||     2
 Cast: Pain              |    55 |    26 ||    81
       Animate Skeleton  |     1 |     4 ||     5
 Stab: Sleeping          |     1 |       ||     1
Armor: Robe              |     4 |     3 ||     7
Dodge: Dodged            |    22 |    34 ||    56
